 Dungeon Crawl Stone Soup version 0.22.0-49-gab54619674 (webtiles) character file.

1934 Anathary the Carver (level 8, -5/73 HPs)
             Began as a Minotaur Berserker on Sept 6, 2018.
             Was an Elder of Trog.
             Slain by an orc warrior
             ... wielding a +0 halberd
              (12 damage)
             ... on level 7 of the Dungeon.
             The game lasted 00:25:56 (5483 turns).

Anathary the Carver (Minotaur Berserker)            Turns: 5483, Time: 00:25:57

Health: -5/73      AC: 13    Str: 24    XL:     8   Next: 97%
Magic:  7/7        EV:  8    Int:  4    God:    Trog [****..]
Gold:   263        SH:  0    Dex: 10    Spells: 7/7 levels left

rFire    . . .     SeeInvis .   n - +4 long sword (curse)
rCold    . . .     Gourm    .   (no shield)
rNeg     . . .     Faith    .   q - +0 plate armour
rPois    .         Spirit   .   (helmet restricted)
rElec    .         Reflect  .   g - +2 cloak
rCorr    .         Harm     .   (no gloves)
MR       .....                  (no boots)
Stlth    ..........             (no amulet)
HPRegen  0.22/turn              (no ring)
MPRegen  0.10/turn              (no ring)

@: corroded
A: retaliatory headbutt, horns 2
a: Berserk, Trog's Hand, Brothers in Arms, Renounce Religion


You were on level 7 of the Dungeon.
You worshipped Trog.
Trog was greatly pleased with you.
You were not hungry.

You visited 2 branches of the dungeon, and saw 8 of its levels.

You collected 263 gold pieces.

Inventory:

Hand Weapons
 n - a cursed +4 long sword (weapon)
Armour
 g - a +2 cloak (worn)
 q - a +0 plate armour (worn)
Jewellery
 p - an uncursed ring of poison resistance {unknown}
Wands
 m - a wand of disintegration (9)
Scrolls
 e - 4 scrolls of remove curse
 h - 3 scrolls of identify
 s - 5 scrolls of teleportation
Potions
 a - 2 potions of degeneration {unknown}
 f - a potion of brilliance
 i - a potion of flight
 k - a potion of resistance {unknown}
 l - a potion of heal wounds
 o - a potion of cancellation {unknown}
 r - 2 potions of mutation {unknown}
Comestibles
 c - 13 rations


   Skills:
 + Level 7.2 Fighting
 + Level 9.9 Long Blades
 + Level 8.1 Armour
 + Level 3.5 Dodging


You had 7 spell levels left.
You didn't know any spells.
Your spell library was empty.

Dungeon Overview and Level Annotations

Branches:
Dungeon (7/15)             Temple (1/1) D:6

Altars:
Ashenzari
Cheibriados
Elyvilon
Fedhas
Gozag
Hepliaklqana
Kikubaaqudgha
Nemelex Xobeh
Okawaru
Qazlal
Ru
Sif Muna
Trog
Uskayaw
Vehumet
Wu Jian
Xom
Yredelemnul
Zin
The Shining One
Jiyva

Shops:
D:5 ?


Innate Abilities, Weirdness & Mutations

You reflexively headbutt those who attack you in melee.
You have a pair of horns on your head.


Message History

The orc hits you but does no damage.
You hit the orc warrior but do no damage.
The orc warrior is almost dead.
The orc wizard gestures wildly while chanting.
The orc wizard blinks!
The orc warrior hits you with a halberd!
* * * LOW HITPOINT WARNING * * *
The orc hits you but does no damage.
You hit the orc warrior but do no damage.
The orc warrior is almost dead.
The orc warrior hits you with a halberd!
* * * LOW HITPOINT WARNING * * *
The orc hits you but does no damage.
You barely miss the orc warrior.
The orc warrior is almost dead.
You closely miss the orc warrior.
You headbutt the orc warrior, but do no damage.
The orc warrior is almost dead.
The orc warrior hits you with a halberd!
You die...

...... .... ...... ...#
.)....# .#.##
.......###+#....#
................#
.......<..."....
............##+######+###
.......)o..........##....
....).oo@..........##....
.......#####.............
....... #................
.....o. #.........(......
.........................
...................##.###
....###.....#########.# #
#..... ###.....# # ......
........###


You could see an orc warrior, an orc wizard and an orc.

Vanquished Creatures
  A hippogriff (D:6)
  An orc warrior (D:6)
  A sky beast (D:5)
  An ogre (D:6)
  4 phantoms
  2 bullfrogs (D:6)
  A wyvern skeleton (D:6)
  A scorpion (D:5)
  4 wights (D:6)
  2 centaur zombies
  An orc priest (D:3)
  2 jellies (D:7)
  3 hounds
  2 orc wizards (D:6)
  Jessica (D:2)
  An iguana (D:6)
  4 worker ants
  A hound skeleton (D:4)
  8 gnolls
  8 adders
  2 oozes
  An adder skeleton (D:4)
  2 worms (D:4)
  A dart slug (D:1)
  6 leopard geckos
  16 orcs
  4 giant cockroaches
  3 goblins
  12 hobgoblins
  17 jackals
  6 quokkas
  2 ball pythons
  2 bats (D:2)
  7 frilled lizards
  3 kobolds
  A leopard gecko skeleton (D:4)
  A quokka skeleton (D:5)
  A quokka zombie (D:6)
  5 rats
141 creatures vanquished.

Notes
Turn   | Place    | Note
-------+----------+-------------------------------------------
     0 | D:1      | Anathary the Minotaur Berserker began the quest for the
                  | Orb.
     0 | D:1      | Reached XP level 1. HP: 19/19 MP: 0/0
   230 | D:1      | Reached skill level 4 in Long Blades
   230 | D:1      | Reached XP level 2. HP: 25/27 MP: 1/1
  1101 | D:2      | Reached XP level 3. HP: 33/33 MP: 2/2
  1104 | D:2      | Noticed Jessica
  1112 | D:2      | Killed Jessica
  1340 | D:2      | Reached XP level 4. HP: 41/41 MP: 3/3
  1443 | D:2      | Found a white marble altar of Elyvilon.
  1569 | D:3      | Found a sacrificial altar of Ru.
  1608 | D:3      | Reached ** piety under Trog
  1770 | D:3      | Found a glowing silver altar of Zin.
  1770 | D:3      | Noticed an angel
  1862 | D:3      | Found a blossoming altar of Fedhas.
  1862 | D:3      | Found an ancient bone altar of Kikubaaqudgha.
  1867 | D:3      | Reached skill level 5 in Long Blades
  2051 | D:3      | Reached XP level 5. HP: 29/47 MP: 4/4
  2502 | D:4      | Reached skill level 5 in Fighting
  2506 | D:4      | Reached skill level 6 in Long Blades
  2511 | D:4      | Reached *** piety under Trog
  2659 | D:4      | Reached XP level 6. HP: 54/56 MP: 5/5
  2798 | D:4      | Found a radiant altar of Vehumet.
  2916 | D:4      | Found an iron altar of Okawaru.
  3098 | D:5      | Entered Level 5 of the Dungeon
  3202 | D:5      | Reached skill level 7 in Long Blades
  3395 | D:5      | Found Offo's Magic Scroll Shop.
  3464 | D:5      | Reached XP level 7. HP: 51/61 MP: 6/6
  3637 | D:5      | Found a shimmering altar of Xom.
  3708 | D:5      | Found a shattered altar of Ashenzari.
  3728 | D:5      | Reached skill level 5 in Armour
  3783 | D:5      | Reached **** piety under Trog
  3783 | D:5      | Reached skill level 8 in Long Blades
  4112 | D:6      | Noticed a hippogriff
  4134 | D:6      | Reached XP level 8. HP: 31/70 MP: 7/7
  4137 | D:6      | Killed a hippogriff
  4412 | D:6      | Reached skill level 9 in Long Blades
  4421 | D:6      | Found a staircase to the Ecumenical Temple.
  4427 | Temple   | Entered the Ecumenical Temple
  4659 | D:6      | Found a sparkling altar of Nemelex Xobeh.
  5069 | D:6      | Found a snail-covered altar of Cheibriados.
  5483 | D:7      | Slain by an orc warrior

Skill      XL: |  1  2  3  4  5  6  7  8 |
---------------+-------------------------+-----
Long Blades    | 4 5 6 7 8 9 |  9.9
Fighting       | 4 5 6 7 |  7.2
Armour         | 3 4 6 8 |  8.1
Dodging        | 3 |  3.5

Action                   |  1- 3 |  4- 6 |  7- 9 || total
-------------------------+-------+-------+-------++-------
Melee: Falchion          |    68 |   206 |   116 ||   390
       Headbutt          |    11 |    36 |    32 ||    79
       Long sword        |       |       |    45 ||    45
  Use: Scroll            |       |     3 |     7 ||    10
       Potion            |       |       |     3 ||     3
  Eat: Ration            |     1 |     2 |     2 ||     5
Armor: Animal skin       |     4 |       |       ||     4
       Chain mail        |    34 |   124 |    62 ||   220
       Plate armour      |       |       |    12 ||    12
Dodge: Dodged            |    27 |   106 |    77 ||   210
       Rpst.: Falchion   |     5 |    29 |    15 ||    49
       Long sword        |       |       |    10 ||    10
